 Dungeon Crawl Stone Soup version 0.29.1-15-g9cfb28693d (webtiles) character file.

Game seed: 18316009872208117004

3436 BuddhaDhamma the Severer (level 9, -1/70 HPs)
             Began as a Minotaur Berserker on Mar 3, 2023.
             Was an Elder of Trog.
             Killed from afar by an electric eel (12 damage)
             ... with a bolt of electricity
             ... on level 8 of the Dungeon.
             The game lasted 00:14:47 (6259 turns).

BuddhaDhamma the Severer (Minotaur Berserker)       Turns: 6259, Time: 00:14:47

Health: -1/70      AC: 14    Str: 26    XL:     9   Next: 77%
Magic:  8/8        EV:  7    Int:  4    God:    Trog [****..]
Gold:   511        SH:  0    Dex: 10    Spells: 8/8 levels left

rFire   . . .      SeeInvis .   s - +0 battleaxe
rCold   . . .      Faith    .   (shield currently unavailable)
rNeg    . . .      Spirit   .   a - +0 plate armour
rPois   .          Reflect  .   (helmet restricted)
rElec   .          Harm     .   h - +1 cloak
rCorr   .          Rampage  .   j - +0 pair of gloves
Will    .....                   (no boots)
Stlth   ..........              g - amulet of regeneration
HPRegen 1.01/turn               (no ring)
MPRegen 0.11/turn               (no ring)

@: very slow
A: horns 2, retaliatory headbutt
a: Renounce Religion, Berserk, Trog's Hand, Brothers in Arms


You were on level 8 of the Dungeon.
You worshipped Trog.
Trog was greatly pleased with you.
You visited 1 branch of the dungeon, and saw 8 of its levels.

You collected 537 gold pieces.
You spent 26 gold pieces at shops.

Inventory:

Hand Weapons
 s - a +0 battleaxe (weapon)
Missiles
 u - 3 curare-tipped darts (quivered)
Armour
 a - a +0 plate armour (worn)
 h - a +1 cloak (worn)
 j - a +0 pair of gloves (worn)
Jewellery
 g - an amulet of regeneration (around neck)
Wands
 b - a wand of charming (7)
 k - a wand of light (10)
 q - a wand of digging (9)
Scrolls
 f - 5 scrolls of teleportation
Potions
 c - a potion of ambrosia
 e - a potion of heal wounds
 i - 5 potions of curing
 l - a potion of haste
 p - a potion of flight
 r - a potion of magic


   Skills:
 - Level 3.6 Fighting
 + Level 16.5 Axes
 - Level 2.4 Armour
 - Level 2.1 Dodging


You had 8 spell levels left.
You didn't know any spells.
Your spell library was empty.

Dungeon Overview and Level Annotations

Branches:
Dungeon (8/15)             Temple (0/1) D:6
   Lair: D:8-11

Altars:
Ashenzari
Hepliaklqana
Xom

Shops:
D:2 (   D:4 =

Annotations:
D:8 1 transporter, Grum


Innate Abilities, Weirdness & Mutations

You have a pair of horns on your head.
You reflexively headbutt those who attack you in melee.


Message History

HP restored.
You open the door.
There is an open door here.
Found a halberd.
An electric eel comes into view.
The electric eel shoots out a bolt of lightning at you!
The bolt of electricity hits the plant!
The plant begins to die.
The bolt of electricity hits the plant!
The plant begins to die.
The bolt of electricity hits you.
A nearby plant withers and dies.
The electric eel shoots out a bolt of lightning at you!
The bolt of electricity hits you! x2
The electric eel shoots out a bolt of lightning at you!
The bolt of electricity hits the plant!
The plant begins to die.
The bolt of electricity hits you!
The electric eel shoots out a bolt of lightning at you!
The bolt of electricity hits you.
The electric eel shoots out a bolt of lightning at you!
The bolt of electricity hits you!
A nearby plant withers and dies.
The electric eel shoots out a bolt of lightning at you!
The bolt of electricity hits you!
* * * LOW HITPOINT WARNING * * *
The electric eel shoots out a bolt of lightning at you!
The bolt of electricity hits you!
* * * LOW HITPOINT WARNING * * *
The electric eel shoots out a bolt of lightning at you!
The bolt of electricity hits you.
* * * LOW HITPOINT WARNING * * *
You slash the electric eel!
You kill the electric eel!
Trog accepts your kill.
You hear a splash.
The electric eel shoots out a bolt of lightning at you!
The bolt of electricity misses you.
You enter the shallow water.
Moving in this stuff is going to be slow.
The electric eel shoots out a bolt of lightning at you!
The bolt of electricity hits you!
You die...

########## #........#
#..###.#.######
#####..##.........#
....#..##..#.♣~...#
###........#.~~...##
#.....##.#~♣~..♣~#
##.......♣♣~~.@.~♣
##..###♣~~S..~~~~~~♣
#....♣♣~~~....~~~~~♣
#.###♣♣~~P..~)~~P~PP
##'## ♣~~~...~~~~~P♣
##...## ♣~~~...♣~~~P♣♣
##.....#♣♣~~~...P~≈≈~~♣
##.......#♣~~....~~≈≈≈~♣
#.........♣


You could see an electric eel.

Vanquished Creatures
  A hornet (D:6)
  Sigmund (D:6)
  A wyvern (D:8)
  Eustachio (D:5)
  A steam dragon (D:8)
  2 water moccasins
  2 black bears
  An ice beast (D:5)
  2 sky beasts
  An ogre (D:5)
  2 centaurs (D:7)
  Blork the orc (D:6)
  2 bullfrogs
  2 necrophages
  A scorpion (D:5)
  12 wights
  An electric eel (D:8)
  3 howler monkeys (D:7)
  An orc priest (D:3)
  3 hounds
  4 jellies
  Crazy Yiuf (D:2)
  A gnoll bouda (D:7)
  3 iguanas
  2 orc wizards
  4 gnolls (D:7)
  8 adders
  A shadow imp (D:6)
  An ufetubus (D:7)
  A worm (D:4)
  A dart slug (D:3)
  8 orcs
  5 ball pythons
  6 endoplasms
  3 giant cockroaches
  4 goblins
  9 hobgoblins
  2 jackals (D:5)
  3 kobolds
  3 quokkas
  4 bats
  7 rats
  A spectral orc (D:6)
123 creatures vanquished.

Vanquished Creatures (others)
  4 plants (D:8)
4 creatures vanquished.

Grand Total: 127 creatures vanquished

Notes
Turn   | Place    | Note
-------+----------+-------------------------------------------
     0 | D:1      | BuddhaDhamma the Minotaur Berserker began the quest for the
                  | Orb.
     0 | D:1      | Reached XP level 1. HP: 19/19 MP: 0/0
   203 | D:1      | Reached skill level 4 in Axes
   268 | D:1      | Reached XP level 2. HP: 26/26 MP: 1/1
   581 | D:1      | Found a faded altar of an unknown god.
   695 | D:2      | Reached ** piety under Trog
   696 | D:2      | Reached skill level 5 in Axes
   696 | D:2      | Reached XP level 3. HP: 30/31 MP: 2/2
   804 | D:2      | Found Bouqo's Weapon Boutique.
   828 | D:2      | Bought 4 curare-tipped darts for 26 gold pieces
  1134 | D:2      | Found a runed translucent door.
  1135 | D:2      | Noticed Crazy Yiuf
  1141 | D:2      | Killed Crazy Yiuf
  1142 | D:2      | Reached skill level 6 in Axes
  1142 | D:2      | Reached XP level 4. HP: 39/39 MP: 3/3
  1943 | D:3      | Found a shimmering altar of Xom.
  2021 | D:3      | Reached skill level 7 in Axes
  2021 | D:3      | Reached XP level 5. HP: 45/45 MP: 4/4
  2487 | D:4      | Found Zuleleuw's Jewellery Shoppe.
  2686 | D:4      | Reached skill level 8 in Axes
  2701 | D:4      | HP: 1/45 [acid (9)]
  2703 | D:4      | Reached XP level 6. HP: 2/51 MP: 5/5
  3143 | D:5      | Entered Level 5 of the Dungeon
  3400 | D:5      | Noticed an ice beast
  3406 | D:5      | Killed an ice beast
  3407 | D:5      | Reached skill level 9 in Axes
  3517 | D:5      | Noticed Eustachio
  3529 | D:5      | Killed Eustachio
  3530 | D:5      | Reached skill level 10 in Axes
  3530 | D:5      | Reached XP level 7. HP: 57/57 MP: 6/6
  3622 | D:5      | Reached *** piety under Trog
  3694 | D:5      | Reached skill level 11 in Axes
  4054 | D:6      | Reached XP level 8. HP: 60/64 MP: 7/7
  4094 | D:6      | Noticed Blork the orc
  4101 | D:6      | Killed Blork the orc
  4206 | D:6      | Reached skill level 12 in Axes
  4307 | D:6      | Found a staircase to the Ecumenical Temple.
  4334 | D:6      | Reached skill level 13 in Axes
  4366 | D:6      | You fall into a shaft and drop 1 floor!
  4563 | D:6      | Noticed Sigmund
  4567 | D:6      | Killed Sigmund
  4602 | D:6      | Noticed a hornet
  4615 | D:6      | Killed a hornet
  4616 | D:6      | Reached skill level 14 in Axes
  4616 | D:6      | Reached XP level 9. HP: 48/70 MP: 8/8
  4755 | D:6      | Found a broken altar of Ashenzari.
  4760 | D:6      | Saw a vision of the Shoals and the Spider Nest.
  4760 | D:6      | Noticed a meliai
  4760 | D:6      | Noticed a pharaoh ant
  4760 | D:6      | Noticed a merfolk
  4760 | D:6      | Noticed an emperor scorpion
  4760 | D:6      | Noticed a kraken
  4760 | D:6      | Noticed a demonic crawler
  4760 | D:6      | Noticed a moth of wrath
  4760 | D:6      | Noticed a manticore
  4760 | D:6      | Noticed an orb spider
  4760 | D:6      | Noticed a steelbarb worm
  4761 | D:6      | Noticed a demonic crawler
  4763 | D:6      | Identified the +2 falchion of Optimality {vorpal, rC+
                  | Str+4}
  4904 | D:6      | Found a hazy altar of Hepliaklqana.
  5078 | D:7      | Reached skill level 15 in Axes
  5764 | D:8      | Noticed a tengu conjurer
  5764 | D:8      | Noticed Grum
  5779 | D:8      | Found a transporter.
  5780 | D:8      | Noticed a centaur warrior
  5801 | D:8      | Reached skill level 16 in Axes
  6166 | D:8      | Reached **** piety under Trog
  6259 | D:8      | Killed from afar by an electric eel

Illustrated notes

Levels and vault maps discovered:
D:1:      psy_arrival_basics, layout_rooms,
          hellmonk_ecumenical_altar_prayer_group, minmay_misc_feat_square,
          grunt_decor_arrowhead, glass_columns_a
D:2:      layout_basic, serial_shops, nicolae_shop_window_shopping,
          uniq_crazy_yiuf_cottage
D:3:      layout_loops_ring, nicolae_overflow_hidden_temple
D:4:      layout_loops_ring, serial_shops, shop
D:5:      layout_basic, uniq_eustachio
D:6:      layout_rooms, grunt_ashenzari_visionary
          [grunt_ashenzari_visionary_shoals, grunt_ashenzari_visionary_spider],
          nicolae_hepliaklqana_monster_ancestors, minmay_temple_entry_arrows,
          kennysheep_generic_room_9, uniq_sigmund, uniq_blork_the_orc
D:7:      layout_loops_corners
D:8:      gammafunk_the_bubble [the_bubble_gammafunk_split],
          layout_loops_corners, david_lair_generic, serial_bayou_ford_a,
          uniq_psyche, uniq_grum

Skill      XL: |  1  2  3  4  5  6  7  8  9 |
---------------+----------------------------+-----
Axes           | 4 5 6 7 8 10 11 14 16 | 16.5
Fighting       | |  3.6
Armour         | |  2.4
Dodging        | |  2.1

Action                   |  1- 3 |  4- 6 |  7- 9 || total
-------------------------+-------+-------+-------++-------
Melee: Hand axe          |    53 |   140 |   165 ||   358
       Punch             |     1 |       |     1 ||     2
       Headbutt          |     4 |    19 |    45 ||    68
       Battleaxe         |       |       |    33 ||    33
Throw: Dart              |       |     2 |     3 ||     5
Invok: Berserk           |     1 |     2 |     2 ||     5
Evoke: Wand              |       |       |     1 ||     1
  Use: Scroll            |       |    11 |     6 ||    17
Armor: Animal skin       |     2 |       |       ||     2
       Chain mail        |    21 |    70 |    36 ||   127
       Plate armour      |       |       |    53 ||    53
Dodge: Dodged            |    23 |    52 |    60 ||   135
